 Dungeon Crawl Stone Soup version 0.21.1-72-gffa868e (webtiles) character file.

215304 beigtais the Peltast (level 18, -13/142 HPs)
             Began as a Demonspawn Fighter on Aug 1, 2018.
             Was a High Priest of Trog.
             Killed from afar by a deep elf death mage (29 damage)
             ... with a bolt of negative energy
             ... on level 3 of the Elven Halls on Aug 3, 2018.
             The game lasted 04:41:02 (39009 turns).

beigtais the Peltast (Demonspawn Fighter)          Turns: 39009, Time: 04:41:03

Health: -13/142    AC: 25    Str: 18    XL:     18   Next: 32%
Magic:  0/24       EV:  3    Int: 13    God:    Trog [*****.]
Gold:   437        SH: 28    Dex: 19    Spells: 17/17 levels left

rFire    + . .     SeeInvis .   o - +5 war axe of Boinir {drain, +Inv rC+}
rCold    + + .     Gourm    .   c - +4 shield
rNeg     . . .     Faith    .   a - +1 crystal plate armour
rPois    +         Spirit   +   e - +0 hat
rElec    .         Reflect  +   P - +2 cloak
rCorr    .         Harm     .   i - +0 pair of gloves
MR       +++..     Clarity  +   (no boots)
Stlth    ..........             w - +5 amulet of reflection
HPRegen  0.33/turn              M - ring of protection from fire
MPRegen  0.38/turn              y - ring of the Mage {Wiz MR++ Int+3}

@: heavily drained
A: antennae 1, hooves 2, large bone plates 2, clarity, cold resistance 1, poison
resistance, spiny 3, augmentation 1, magic shield, magic regeneration
}: 1/15 runes: serpentine
a: Berserk, Trog's Hand, Brothers in Arms, Burn Spellbooks, Renounce Religion,
Evoke Invisibility


You were on level 3 of the Elven Halls.
You worshipped Trog.
Trog was extremely pleased with you.
You were not hungry.

You visited 5 branches of the dungeon, and saw 28 of its levels.
You visited 2 bazaars.
You also visited: Labyrinth.

You collected 3164 gold pieces.
You spent 2727 gold pieces at shops.

Inventory:

Hand Weapons
 o - the +5 war axe of Boinir (weapon) {drain, +Inv rC+}
   (Trog gifted it to you on level 2 of the Snake Pit)

   A truly terrible weapon, it drains the life of those it strikes.
   It protects you from cold.
   It lets you turn invisible.
 v - a +5 antimagic broad axe
 B - a +2 eveningstar of flaming
 U - a +5 war axe of freezing
 X - a +5 war axe of electrocution
Missiles
 k - 10 silver javelins
 z - 14 steel javelins
 A - 26 tomahawks (quivered)
 D - a throwing net
 H - 2 poisoned tomahawks
 O - 8 steel tomahawks
 Z - 8 javelins
Armour
 a - a +1 crystal plate armour (worn)
 c - a +4 shield (worn)
 e - a +0 hat (worn)
 i - a +0 pair of gloves (worn)
 P - a +2 cloak (worn)
Jewellery
 m - an uncursed ring of see invisible
 r - an uncursed ring of resist corrosion
 w - a +5 amulet of reflection (around neck)
 y - the ring of the Mage (right hand) {Wiz MR++ Int+3}
   (You found it on level 6 of the Dungeon)

   [ring of wizardry]

   It improves your spell success rate.
   It affects your intelligence (+3).
   It affects your resistance to hostile enchantments.
 C - an uncursed ring of protection from cold
 F - an uncursed amulet of regeneration
 M - a ring of protection from fire (left hand)
 N - the ring of Shadows {Umbra +Inv Stlth+}
   (You found it on level 2 of the Snake Pit)

   [ring of stealth]

   It lets you turn invisible.
   It makes you more stealthy.
 V - a +5 ring of strength
Wands
 b - a wand of disintegration (7)
 d - a wand of acid (8)
 t - a wand of iceblast (14)
 Y - a wand of digging (22)
Scrolls
 g - a scroll of magic mapping
 h - a scroll of fog
 j - 12 scrolls of remove curse
 n - 3 scrolls of fear
 p - 8 scrolls of teleportation
 G - 3 scrolls of immolation
 I - a scroll of silence
 R - 5 scrolls of identify
Potions
 l - 6 potions of curing
 s - 7 potions of flight
 u - 3 potions of cancellation
 Q - a potion of might
Books
 q - Fiwn's Handbook of Boosting Air
   (You found it in a labyrinth)

   Spells                             Type                      Level
   a - Infusion                       Charms                       1
   b - Mephitic Cloud                 Conjuration/Poison/Air       3
   c - Conjure Ball Lightning         Conjuration/Air              6
   d - Tornado                        Air                          9
   Trog disapproves of the use of such an item.
 E - the Papyrus of Creative Conjuration
   (You found it on level 1 of the Elven Halls)

   Spells                             Type                      Level
   a - Throw Flame                    Conjuration/Fire             2
   b - Static Discharge               Conjuration/Air              3
   c - Aura of Abjuration             Summoning                    5
   d - Shadow Creatures               Summoning                    6
   Trog disapproves of the use of such an item.
 L - Sif Muna's Almanac of Air and Enchantment
   (You found it on level 5 of the Lair of Beasts)

   Spells                             Type                      Level
   a - Swiftness                      Charms/Air                   2
   b - Summon Guardian Golem          Hexes/Summoning              3
   c - Leda's Liquefaction            Hexes/Earth                  4
   d - Silence                        Hexes/Air                    5
   e - Deflect Missiles               Charms/Air                   6
   Trog disapproves of the use of such an item.
 T - a book of Unlife

   Spells                             Type                      Level
   a - Recall                         Summoning/Translocation      3
   b - Animate Dead                   Necromancy                   4
   c - Borgnjor's Vile Clutch         Necromancy/Earth             5
   d - Death Channel                  Necromancy                   6
   e - Simulacrum                     Ice/Necromancy               6
   Trog disapproves of the use of such an item.
 W - a Fen Folio

   Spells                             Type                      Level
   a - Corpse Rot                     Necromancy                   2
   b - Stone Arrow                    Conjuration/Earth            3
   c - Leda's Liquefaction            Hexes/Earth                  4
   d - Summon Forest                  Summoning/Translocation      5
   e - Hydra Form                     Transmutation                6
   f - Summon Hydra                   Summoning                    7
   Trog disapproves of the use of such an item.
Comestibles
 f - 35 rations


   Skills:
 * Level 12.6(9.2) Fighting
 * Level 15.5(12.0) Axes
 * Level 2.6(7.5) Maces & Flails
 * Level 8.4(5.3) Throwing
 * Level 12.6(9.2) Armour
 * Level 5.1(2.2) Dodging
 - Level 1.7(0.0) Stealth
 * Level 16.1(12.4) Shields
 * Level 8.6(5.5) Evocations


You had 17 spell levels left.
You didn't know any spells.

Dungeon Overview and Level Annotations

Branches:
Dungeon (13/15)            Temple (0/1) D:7            Lair (6/6) D:10
 Shoals (0/4) Lair:4        Snake (4/4) Lair:4        Slime (0/5) Lair:6
    Orc (2/2) D:9             Elf (3/3) Orc:2
 Vaults: D:13-14

Altars:
Ashenzari
Dithmenos
Fedhas
Gozag
Makhleb
Okawaru
Sif Muna
Trog
Vehumet
Wu Jian
Xom
Yredelemnul
Zin
The Shining One
Beogh
Jiyva

Shops:
D:6 !   D:7 (   D:11 }?}[*   Orc:1 *   Orc:2 :[!!   Elf:3 [!?   Snake:4 !

Annotations:
D:4 1 exclusion
D:5 2 transporters
D:6 2 transporters
D:13 Frances


Innate Abilities, Weirdness & Mutations

You have hoof-like feet.
You are mostly covered in large bone plates. (SH +6)
You are completely covered in sharp spines.
Your magical and physical power is slightly enhanced at high health.
When hurt, damage is shared between your health and your magic reserves.
You regenerate magic rapidly.
You have a pair of small antennae on your head.
You possess an exceptional clarity of mind.
Your flesh is cold resistant. (rC+)
Your system is resistant to poisons. (rPois)


Message History

You hit the earth elemental.
You kick the earth elemental, but do no damage.
The earth elemental is severely damaged.
You hit the earth elemental.
You hit the earth elemental but do no damage.
You block the earth elemental's attack.
You slice the earth elemental!!
You destroy the earth elemental!
You hit the earth elemental. x2
The earth elemental disappears in a puff of smoke!
You block the earth elemental's attack.
You hear rumbling.
The earth elemental is struck by your spines.
The earth elemental hits you!
* * * LOW HITPOINT WARNING * * *
The deep elf death mage points at you and mumbles some strange words.
The bolt of negative energy hits the earth elemental.
The earth elemental completely resists.
The bolt of negative energy hits you!
You feel drained.
You die...

#.# #.#....#.####.# ##...### #
..#####......#####.#####.....##
............).................##.
#..######..*E..#####.############
.#.# #..ee### #.# ## ##.##
##.##E## #.# ##. ....##
##.###E)## #.# ##.# .....###.##
#.#.####[# ##.##
.....##.########@##)## ##.##
.......####.......[## ##.##
.....#####..........# ##.##
..........<)........######.##
....######................##
##### #..........#.#####
#..........##.#####
##........####....## ##########
#.<...#


You could see a deep elf death mage, a ghostly deep elf elementalist, 3 earth
elementals and a lost soul.

Vanquished Creatures
  Bai Suzhen (Snake:3)
  A storm dragon (D:12)
  Donald (Snake:2)
  10 nagarajas
  2 deep elf sorcerers (Elf:3)
  2 deep elf elementalists (Elf:3)
  3 deep elf annihilators
  A deep elf death mage (Elf:3)
  A minotaur (Lab)
  8 naga warriors
  2 centaur warriors
  6 hydras
  18 anacondas
  Erica (D:11)
  22 two-headed ogres
  21 dancing weapons
  An orc high priest (Elf:1)
  6 naga sharpshooters
  4 ogre magi (Orc:2)
  7 deep elf knights
  4 shock serpents
  5 salamander mystics (Snake:4)
  7 naga ritualists
  3 deep elf archers
  4 lindwurms (Snake:4)
  Pikel (D:8)
  42 deep elf magi
  2 orc knights
  3 orc sorcerers
  15 mana vipers
  3 salamanders (Snake:3)
  5 ugly things
  2 cyclopes (D:12)
  4 elephants
  2 merfolk sirens (Lair:4)
  33 black mambas
  3 centaur zombies
  16 naga magi
  3 torpor snails
  5 guardian serpents (Snake:4)
  9 spiny frogs
  9 komodo dragons
  3 meliai (Lair:5)
  2 merfolk (Lair:4)
  2 polar bears (Lair:6)
  A queen bee (Lair:5)
  4 trolls
  4 hornets
  5 dream sheep
  4 hippogriffs
  2 meliai zombies
  2 water elementals (Elf:1)
  9 spriggans (Lair:6)
  3 shadows
  57 yaks
  A wraith (D:10)
  4 wyverns
  2 humans (Snake:2)
  2 hungry ghosts (D:10)
  The ghost of Merlin the Sneak, an amateur GnWn of Okawaru (D:4)
  2 fire elementals
  5 vampire mosquitoes
  A swamp worm (shapeshifter) (D:13)
  30 nagas
  4 wargs
  8 porcupines
  Duvessa (D:5)
  14 water moccasins
  4 ice beasts
  An eye of draining (D:13)
  2 slaves (D:8)
  A black bear (Lair:6)
  2 hornet zombies
  19 orc warriors
  A sky beast (D:8)
  40 ogres
  A necrophage (D:12)
  32 wolves
  The ghost of goulibeur the Pure, an amateur DsAK of Lugonu (D:3)
  3 boggarts (Lair:6)
  5 centaurs
  7 crocodiles
  Blork the orc (D:5)
  13 bullfrogs
  A wyvern zombie (D:8)
  Dowan (D:5)
  A wyvern skeleton (D:8)
  3 scorpions
  18 killer bees
  12 wights
  2 troll skeletons (Lab)
  4 howler monkeys
  5 crimson imps
  4 lava snakes (Lab)
  2 centaur skeletons
  5 hounds
  9 orc priests
  2 bullfrog zombies
  4 jellies
  13 orc wizards
  3 bullfrog skeletons
  7 iguanas
  9 worker ants
  2 ogre skeletons (Lab)
  3 hound skeletons
  A hound zombie (D:6)
  14 adders
  5 shadow imps
  An adder zombie (D:5)
  3 adder skeletons
  2 worms (D:2)
  3 dart slugs
  5 leopard geckos
  53 orcs
  4 ball pythons
  4 bats
  4 giant cockroaches
  7 goblins
  5 hobgoblins
  12 jackals
  3 quokkas
  A frilled lizard (D:1)
  3 kobolds
  A leopard gecko skeleton (D:4)
  A quokka skeleton (D:4)
  5 rats
  2 fungi (Lair:3)
  5 plants
858 creatures vanquished.

Vanquished Creatures (collateral kills)
  Vashnia (Snake:2)
  Nikola (Elf:3)
  A fire giant (D:10)
  A deep elf sorcerer (Elf:3)
  Aizul (Snake:2)
  A stone giant (D:10)
  A deep elf demonologist (Elf:3)
  2 naga sharpshooters (Snake:2)
  Nergalle (Lair:2)
  3 spriggans (Lair:6)
  A salamander (Snake:2)
  2 mana vipers (Snake:2)
  An ugly thing (D:12)
  A troll (D:10)
  3 polar bears (Lair:6)
  3 hornets (Lair:6)
  A dream sheep (Lair:6)
  2 humans (Snake:2)
  An orc warrior (D:10)
  A boggart (Lair:6)
  2 wolves (Lair:6)
  A crocodile (Lair:6)
  2 orcs (D:10)
34 creatures vanquished.

Vanquished Creatures (others)
  3 naga sharpshooters
  A deep elf archer (Elf:1)
  A torpor snail (shapeshifter) (D:12)
  12 fungi
  2 plants (Lair:2)
19 creatures vanquished.

Grand Total: 911 creatures vanquished

Notes
Turn   | Place    | Note
-------+----------+-------------------------------------------
     0 | D:1      | beigtais the Demonspawn Fighter began the quest for the Orb.
     0 | D:1      | Reached XP level 1. HP: 18/18 MP: 1/1
   213 | D:1      | Gained mutation: When hurt, damage is shared between your health and your magic reserves. [demonic ancestry]
   213 | D:1      | Reached XP level 2. HP: 21/24 MP: 2/2
   399 | D:1      | Reached skill level 3 in Shields
  1130 | D:2      | Reached XP level 3. HP: 29/29 MP: 3/3
  1493 | D:2      | Found a radiant altar of Vehumet.
  1788 | D:3      | Found a shimmering altar of Xom.
  2079 | D:3      | Noticed goulibeur's ghost (amateur DsAK)
  2081 | D:3      | Found a faded altar of an unknown god.
  2109 | D:3      | Killed goulibeur's ghost
  2109 | D:3      | Gained mutation: You are partially covered in large bone plates. (SH +4) [demonic ancestry]
  2109 | D:3      | Reached XP level 4. HP: 26/36 MP: 1/4
  2109 | D:3      | Reached XP level 5. HP: 30/41 MP: 1/5
  2485 | D:4      | Reached skill level 1 in Throwing
  2525 | D:4      | Noticed an ogre
  2986 | D:4      | Noticed Merlin's ghost (amateur GnWn)
  3002 | D:4      | Killed Merlin's ghost
  3002 | D:4      | Reached XP level 6. HP: 48/48 MP: 6/6
  3050 | D:4      | Reached skill level 4 in Shields
  3388 | D:4      | Gained mutation: You are partially covered in sharp spines. [demonic ancestry]
  3388 | D:4      | Reached XP level 7. HP: 43/54 MP: 5/7
  3945 | D:5      | Entered Level 5 of the Dungeon
  3958 | D:5      | Found an opulent altar of Gozag.
  4110 | D:5      | Noticed Duvessa
  4117 | D:5      | Killed Duvessa
  4117 | D:5      | Reached skill level 5 in Axes
  4121 | D:5      | Noticed Dowan
  4127 | D:5      | Killed Dowan
  4219 | D:5      | Found a glowing silver altar of Zin.
  4232 | D:5      | Found a glowing golden altar of the Shining One.
  4234 | D:5      | Noticed a manticore
  4236 | D:5      | Noticed a hornet
  4236 | D:5      | Found a transporter.
  4242 | D:5      | Noticed Blork the orc
  4245 | D:5      | Reached skill level 1 in Dodging
  4253 | D:5      | Killed Blork the orc
  4440 | D:5      | Found a transporter.
  4636 | D:5      | Reached XP level 8. HP: 61/61 MP: 8/8
  4650 | D:5      | Found an opulent altar of Gozag.
  5201 | D:6      | Found Lekoq's Distillery.
  5320 | D:6      | Found a basalt altar of Yredelemnul.
  5320 | D:6      | Found a faded altar of an unknown god.
  5327 | D:6      | Found an iron altar of Okawaru.
  5333 | D:6      | Found a faded altar of an unknown god.
  5340 | D:6      | Found a shadowy altar of Dithmenos.
  5483 | D:6      | Found a transporter.
  5483 | D:6      | Noticed a kobold demonologist
  5499 | D:6      | Found a transporter.
  5541 | D:6      | Got a shimmering spear
  5574 | D:6      | Found a bloodstained altar of Trog.
  5587 | D:6      | Reached skill level 5 in Fighting
  5597 | D:6      | Became a worshipper of Trog the Wrathful
  5937 | D:6      | Found the ring of the Mage {Wiz MR++ Int+3}
  6088 | D:6      | Found a burning altar of Makhleb.
  6088 | D:6      | Found a shattered altar of Ashenzari.
  6153 | D:6      | Noticed a kobold demonologist
  6200 | D:6      | Reached skill level 5 in Shields
  6218 | D:6      | Reached skill level 5 in Armour
  7072 | D:7      | Gained mutation: You have a pair of small antennae on your head. [potion of mutation]
  7072 | D:7      | Gained mutation: You possess an exceptional clarity of mind. [potion of mutation]
  7072 | D:7      | Gained mutation: Your system is resistant to poisons. (rPois) [potion of mutation]
  7072 | D:7      | Gained mutation: Your flesh is cold resistant. (rC+) [potion of mutation]
  7170 | D:7      | Found Osuefrum's Weapon Emporium.
  7184 | D:7      | Gained mutation: You are mostly covered in sharp spines. [demonic ancestry]
  7184 | D:7      | Reached XP level 9. HP: 68/68 MP: 9/9
  7221 | D:7      | Reached * piety under Trog
  7346 | D:7      | Got a pitted ring mail
  7717 | D:7      | Found a staircase to the Ecumenical Temple.
  7787 | D:8      | Reached skill level 6 in Shields
  8096 | D:8      | Found a shattered altar of Ashenzari.
  8283 | D:8      | Identified the +1 ring mail "Zavo" {rPois} (You found it on level 7 of the Dungeon)
  8726 | D:8      | Reached ** piety under Trog
  8817 | D:8      | Noticed Pikel
  8832 | D:8      | Killed Pikel
  8832 | D:8      | Reached skill level 7 in Shields
  8832 | D:8      | Gained mutation: You are completely covered in sharp spines. [demonic ancestry]
  8832 | D:8      | Reached XP level 10. HP: 74/77 MP: 10/10
  9328 | D:9      | Found a staircase to the Orcish Mines.
  9348 | D:9      | Reached skill level 1 in Evocations
  9708 | D:9      | Noticed a two-headed ogre
  9722 | D:9      | Killed a two-headed ogre
  9941 | D:9      | Found an ornate altar of the Wu Jian Council.
 10036 | D:9      | Noticed a two-headed ogre
 10044 | D:9      | Killed a two-headed ogre
 10044 | D:9      | Reached skill level 8 in Shields
 10171 | D:9      | Found a deep blue altar of Sif Muna.
 10174 | D:9      | Found a blossoming altar of Fedhas.
 10442 | Orc:1    | Entered Level 1 of the Orcish Mines
 10463 | D:9      | Reached XP level 11. HP: 48/84 MP: 9/13
 10613 | Orc:1    | Reached *** piety under Trog
 11063 | Orc:1    | Found a roughly hewn altar of Beogh.
 11190 | Orc:1    | Noticed an orc knight
 11261 | D:9      | Killed an orc knight
 11724 | Orc:1    | Found Quidal's General Store.
 12007 | Orc:2    | Entered Level 2 of the Orcish Mines
 12007 | Orc:2    | Noticed an orc sorcerer
 12018 | Orc:2    | Killed an orc sorcerer
 12018 | Orc:2    | Reached skill level 10 in Axes
 12268 | Orc:2    | Noticed a two-headed ogre
 12281 | Orc:2    | Noticed a two-headed ogre
 12289 | Orc:2    | Killed a two-headed ogre
 12307 | Orc:2    | Killed a two-headed ogre
 12513 | Orc:2    | Noticed a two-headed ogre
 12526 | Orc:2    | Killed a two-headed ogre
 12724 | Orc:2    | Received a gift from Trog
 12743 | Orc:2    | Noticed a two-headed ogre
 12768 | Orc:2    | Killed a two-headed ogre
 12795 | Orc:2    | Noticed an ogre mage
 12946 | Orc:2    | Killed an ogre mage
 13240 | Orc:2    | Noticed a two-headed ogre
 13255 | Orc:2    | Killed a two-headed ogre
 13290 | Orc:2    | Noticed an orc sorcerer
 13482 | Orc:2    | Killed an orc sorcerer
 13482 | Orc:2    | Reached skill level 9 in Shields
 13482 | Orc:2    | Gained mutation: You regenerate magic rapidly. [demonic ancestry]
 13482 | Orc:2    | Reached XP level 12. HP: 66/92 MP: 11/15
 13572 | Orc:2    | Noticed a two-headed ogre
 13587 | Orc:2    | Killed a two-headed ogre
 13631 | Orc:2    | Noticed a two-headed ogre
 13646 | Orc:2    | Killed a two-headed ogre
 13813 | Orc:2    | Noticed a two-headed ogre
 13830 | Orc:2    | Killed a two-headed ogre
 14038 | Orc:2    | Noticed a two-headed ogre
 14044 | Orc:2    | Noticed a two-headed ogre
 14050 | Orc:2    | Killed a two-headed ogre
 14052 | Orc:2    | Noticed a two-headed ogre
 14058 | Orc:2    | Noticed a two-headed ogre
 14283 | Orc:1    | Killed a two-headed ogre
 14283 | Orc:1    | Reached **** piety under Trog
 14284 | Orc:1    | Killed a two-headed ogre
 14284 | Orc:1    | Reached skill level 5 in Evocations
 14709 | Orc:2    | Noticed a two-headed ogre
 14713 | Orc:2    | Killed a two-headed ogre
 14714 | Orc:2    | Noticed an ogre mage
 14735 | Orc:2    | Killed an ogre mage
 14902 | Orc:2    | Noticed an ogre mage
 14954 | Orc:2    | Killed an ogre mage
 15288 | Orc:2    | Found Wileus's Distillery.
 15288 | Orc:2    | Found Amom's Distillery.
 15289 | Orc:2    | Found Niaffaim's Armour Boutique.
 15289 | Orc:2    | Found Kysat's Book Shoppe.
 15290 | Orc:2    | Noticed a two-headed ogre
 15302 | Orc:2    | Killed a two-headed ogre
 15313 | Orc:2    | Bought a potion of experience for 750 gold pieces
 15313 | Orc:2    | Bought a potion of heal wounds for 75 gold pieces
 15347 | Orc:2    | Noticed a two-headed ogre
 15516 | Orc:1    | Killed a two-headed ogre
 15761 | Orc:1    | Reached skill level 10 in Shields
 15761 | Orc:1    | Gained mutation: You are mostly covered in large bone plates. (SH +6) [demonic ancestry]
 15761 | Orc:1    | Reached XP level 13. HP: 101/101 MP: 17/17
 15799 | Orc:2    | Reached skill level 5 in Throwing
 16224 | Orc:2    | Found a staircase to the Elven Halls.
 16622 | D:10     | Entered Level 10 of the Dungeon
 16885 | D:9      | Reached ***** piety under Trog
 17161 | D:10     | Found a staircase to the Lair.
 17471 | D:10     | Found a runed door.
 17486 | D:10     | Noticed a fire giant
 17504 | D:10     | Killed a fire giant
 17504 | D:10     | Gained mutation: You have large cloven feet. [demonic ancestry]
 17504 | D:10     | Reached XP level 14. HP: 86/109 MP: 14/18
 17546 | D:10     | Noticed a stone giant
 17558 | D:10     | Killed a stone giant
 17596 | D:10     | Got a warped scale mail
 17601 | D:10     | Identified the +4 scale mail of Divine Intervention {Str+7} (You found it on level 10 of the Dungeon)
 17891 | D:11     | Found Lang's Gadget Shoppe.
 18112 | D:11     | Noticed Erica
 18123 | D:11     | Killed Erica
 18138 | D:11     | Found Xememm's General Store.
 18143 | D:11     | Bought a scroll of identify for 24 gold pieces
 18145 | D:11     | Identified a scroll of acquirement
 18394 | D:11     | Found Zoaptofuwe's Gadget Shop.
 18424 | D:11     | Found Finirpho's Magic Scroll Boutique.
 18484 | D:11     | Found Waemuibb's Armour Emporium.
 18552 | D:11     | Got a brightly glowing war axe
 18659 | D:11     | Bought a scroll of identify for 32 gold pieces
 18659 | D:11     | Identified the +4 war axe "Cishraumi" {chop, *Slow rPois Int+6 Dex+4} (You found it on level 11 of the Dungeon)
 18925 | D:12     | Reached skill level 10 in Armour
 18976 | D:12     | Reached skill level 11 in Shields
 19460 | D:12     | Noticed a storm dragon
 19487 | D:12     | Killed a storm dragon
 19511 | D:12     | Reached skill level 1 in Stealth
 19522 | D:12     | Reached skill level 10 in Fighting
 19955 | D:13     | Noticed Frances
 20409 | D:13     | Got a translucent granite ring
 20506 | D:11     | Bought a scroll of identify for 32 gold pieces
 20506 | D:11     | Identified the ring "Bewin" {rCorr *Slow rPois MP-9 Int+8} (You acquired it on level 13 of the Dungeon)
 20546 | Lair:1   | Entered Level 1 of the Lair of Beasts
 21337 | Lair:1   | Received a gift from Trog
 22139 | Lair:2   | Reached skill level 1 in Maces & Flails
 22311 | Lair:2   | Reached skill level 12 in Shields
 22351 | Lair:2   | Received a gift from Trog
 22375 | Lair:2   | Noticed Nergalle
 22390 | Lair:2   | Killed Nergalle
 23491 | Lair:4   | Reached XP level 15. HP: 105/116 MP: 16/19
 23547 | Lair:4   | Found a staircase to the Shoals.
 23674 | Lair:4   | Found a labyrinth entrance.
 23746 | Lab      | Entered a labyrinth
 25660 | Lab      | Identified Fiwn's Handbook of Boosting Air
 25661 | Lab      | Got a smoking iron ring
 25662 | Lab      | Got an ichor-stained scale mail
 25679 | Lair:4   | Identified the ring "Uczui" {+Fly Int+3} (You found it in a labyrinth)
 25792 | Lair:4   | Found a staircase to the Snake Pit.
 26150 | Lair:4   | Identified the +5 scale mail of Analysis {+Fly Dex+2 Slay-4} (You found it in a labyrinth)
 26535 | Lair:5   | Identified Sif Muna's Almanac of Air and Enchantment
 26630 | Lair:5   | Received a gift from Trog
 27341 | Lair:6   | Entered Level 6 of the Lair of Beasts
 27807 | Lair:6   | Reached skill level 13 in Shields
 27873 | Lair:6   | Reached ****** piety under Trog
 27873 | Lair:6   | Received a gift from Trog
 28708 | Lair:6   | Found a viscous altar of Jiyva.
 28709 | Lair:6   | Found a staircase to the Slime Pits.
 28957 | Snake:1  | Entered Level 1 of the Snake Pit
 29573 | Snake:2  | Noticed Vashnia
 29576 | Snake:2  | Received a gift from Trog
 29591 | Snake:2  | Killed Vashnia
 29597 | Snake:2  | Reached skill level 14 in Shields
 29611 | Snake:2  | Gained mutation: Your magical and physical power is slightly enhanced at high health. [demonic ancestry]
 29611 | Snake:2  | Reached XP level 16. HP: 79/125 MP: 10/20
 29627 | Snake:2  | Noticed Aizul
 29793 | Snake:2  | Killed Aizul
 29875 | Snake:2  | Got a crude war axe {god gift}
 29876 | Snake:2  | Identified the +5 war axe of Boinir {drain, +Inv rC+} (Trog gifted it to you on level 2 of the Snake Pit)
 29903 | Snake:2  | Found a flickering gateway to a bazaar.
 29912 | Bazaar   | Entered a bazaar
 29912 | Bazaar   | Found Vuluter's Jewellery Emporium.
 29918 | Bazaar   | Found Panworch's Gadget Shoppe.
 29934 | Bazaar   | Found Qidur's Food Emporium.
 29944 | Bazaar   | Found Xixkyerhe's Magic Scroll Shop.
 29983 | Bazaar   | Bought a +5 amulet of reflection for 453 gold pieces
 30019 | Bazaar   | Bought 2 scrolls of enchant weapon for 240 gold pieces
 30019 | Bazaar   | Bought a scroll of enchant weapon for 120 gold pieces
 30167 | Snake:2  | Noticed Donald
 30189 | Snake:2  | Killed Donald
 30370 | Snake:2  | Found the ring of Shadows {Umbra +Inv Stlth+}
 31345 | Snake:3  | Received a gift from Trog
 31701 | Snake:3  | Noticed Bai Suzhen
 31735 | Snake:3  | Killed Bai Suzhen
 32433 | Snake:4  | Entered Level 4 of the Snake Pit
 32433 | Snake:4  | Found Huom's Distillery.
 32628 | Snake:4  | Bought a potion of heal wounds for 75 gold pieces
 32628 | Snake:4  | Bought a potion of heal wounds for 75 gold pieces
 32628 | Snake:4  | Bought a potion of heal wounds for 75 gold pieces
 32628 | Snake:4  | Bought a potion of curing for 45 gold pieces
 33172 | Snake:4  | Upgraded the game from 0.21.1-68-g103a7af to 0.21.1-72-gffa868e
 33181 | Snake:4  | Reached skill level 15 in Shields
 33682 | Snake:4  | Received a gift from Trog
 33704 | Snake:4  | Gained mutation: You have hoof-like feet. [demonic ancestry]
 33704 | Snake:4  | Reached XP level 17. HP: 86/133 MP: 18/22
 34188 | Snake:4  | Received a gift from Trog
 34471 | Snake:4  | Received a gift from Trog
 34506 | Snake:4  | Got a serpentine rune of Zot
 34898 | Elf:1    | Entered Level 1 of the Elven Halls
 35179 | Elf:1    | Reached skill level 15 in Axes
 35386 | Elf:1    | Found a flickering gateway to a bazaar.
 35392 | Bazaar   | Entered a bazaar
 35403 | Bazaar   | Found Edwat's Food Emporium.
 35423 | Bazaar   | Found Plog's Antique Weapon Shoppe.
 35431 | Bazaar   | Found Qiepy's General Store.
 35438 | Bazaar   | Found Qyth's Antique Armour Emporium.
 35439 | Bazaar   | Bought a potion of heal wounds for 60 gold pieces
 35446 | Bazaar   | Bought a glowing scarf for 224 gold pieces
 36008 | Elf:1    | Identified the Papyrus of Creative Conjuration
 36734 | Elf:2    | Received a gift from Trog
 36840 | Elf:2    | Found a runed gate.
 36840 | Elf:2    | Found a runed gate.
 36841 | Elf:2    | Found a runed gate.
 37310 | Elf:2    | Reached XP level 18. HP: 118/141 MP: 24/24
 38026 | Elf:3    | Entered Level 3 of the Elven Halls
 38026 | Elf:3    | Found Gomimur's Distillery.
 38032 | Elf:3    | Bought 2 potions of curing for 78 gold pieces
 38032 | Elf:3    | Bought a potion of curing for 39 gold pieces
 38032 | Elf:3    | Bought a potion of heal wounds for 65 gold pieces
 38032 | Elf:3    | Bought a potion of resistance for 130 gold pieces
 38062 | Elf:3    | Found Salud's Magic Scroll Emporium.
 38189 | Elf:3    | Bought a scroll of teleportation for 30 gold pieces
 38189 | Elf:3    | Bought a scroll of teleportation for 30 gold pieces
 38189 | Elf:3    | Bought a scroll of enchant weapon for 75 gold pieces
 38279 | Elf:3    | Reached skill level 16 in Shields
 38286 | Elf:3    | Noticed Nikola
 38286 | Elf:3    | Received a gift from Trog
 38312 | Elf:3    | Killed Nikola
 38484 | Elf:3    | Found Hiurepir's Armour Shoppe.
 38590 | Elf:3    | Reached skill level 5 in Dodging
 39009 | Elf:3    | Killed from afar by a deep elf death mage

Skill      XL: |  1  2  3  4  5  6  7  8  9 10 11 12 13 14 15 16 17 18 |
---------------+-------------------------------------------------------+-----
Armour         | 3 4 5 6 8 9 10 11 12 | 12.6
Shields        | 3 4 5 7 8 9 10 12 14 15 16 | 16.1
Axes           | 2 4 5 6 8 9 10 11 12 13 14 15 | 15.5
Throwing       | 1 2 3 4 5 6 7 8 |  8.4
Fighting       | 4 5 6 7 9 10 11 12 | 12.6
Dodging        | 1 2 3 4 5 |  5.1
Evocations     | 2 4 6 7 8 |  8.6
Stealth        | 1 |  1.7
Maces & Flails | 1 2 |  2.6

Action                   |  1- 3 |  4- 6 |  7- 9 | 10-12 | 13-15 | 16-18 || total
-------------------------+-------+-------+-------+-------+-------+-------++-------
Melee: War axe           |   157 |    72 |    74 |    57 |  1294 |  1018 ||  2672
       Hand axe          |       |       |   229 |   415 |    45 |       ||   689
       Kick              |       |       |       |       |   360 |   400 ||   760
       Flail             |       |       |       |       |    64 |       ||    64
       Broad axe         |       |       |       |       |     6 |       ||     6
       Eveningstar       |       |       |       |       |       |    41 ||    41
Throw: Stone             |    14 |       |    11 |    68 |    22 |       ||   115
       Tomahawk          |       |     3 |    30 |    16 |   167 |   100 ||   316
       Javelin           |       |       |       |       |       |     5 ||     5
Invok: Brothers in Arms  |       |       |       |       |     8 |     5 ||    13
       Trog's Hand       |       |       |       |       |     1 |     2 ||     3
       Burn Spellbooks   |       |       |       |       |     1 |       ||     1
 Abil: Evoke Invisibilit |       |       |       |       |       |     3 ||     3
Evoke: Wand              |       |     2 |     3 |    23 |    11 |    12 ||    51
  Use: Scroll            |     8 |     1 |     7 |     3 |    26 |    13 ||    58
       Potion            |     4 |     1 |    11 |     3 |     5 |    10 ||    34
 Stab: Invisible         |       |       |       |       |    11 |     3 ||    14
       Distracted        |       |       |       |       |       |     3 ||     3
  Eat: Chunk             |     3 |     5 |    11 |    16 |    31 |    10 ||    76
       Ration            |       |       |     2 |     2 |     6 |     7 ||    17
Armor: Scale mail        |    32 |       |       |       |     4 |       ||    36
       Chain mail        |    60 |    46 |    52 |       |       |       ||   158
       Plate armour      |       |       |    22 |    79 |    35 |       ||   136
       Crystal plate arm |       |       |       |       |   398 |   203 ||   601
Dodge: Dodged            |    34 |    17 |    34 |    45 |    92 |    36 ||   258
Block: Shield            |    88 |    49 |   179 |   311 |  1417 |   973 ||  3017
       Reflection        |       |       |       |       |       |   121 ||   121
